 Dungeon Crawl Stone Soup version 0.18.1-47-g9310371 (webtiles) character file.

95 GordonOverkill the Sneak (level 4, -1/33 HPs)
             Began as a Vampire Assassin on June 21, 2016.
             Killed by nerve-wracking pain
             ... invoked by Grinder
              (14 damage)
             ... on level 3 of the Dungeon.
             The game lasted 00:06:43 (2014 turns).

GordonOverkill the Sneak (Vampire Assassin)         Turns: 2014, Time: 00:06:43

Health: -1/33      AC:  4    Str: 10    XL:     4   Next: 39%
Magic:  4/4        EV: 15    Int: 17    God:
Gold:   114        SH:  0    Dex: 15    Spells: 0 memorised, 3 levels left

rFire  . . .     SeeInvis +     a - +2 dagger
rCold  + . .     Gourm    .     c - +0 robe
rNeg   + + .     Faith    .     (no shield)
rPois  +         Spirit   .     (no helmet)
rElec  .         Dismiss  .     d - +0 cloak
rCorr  .         Reflect  .     m - +0 pair of gloves (curse)
SustAt .         Harm     .     (no boots)
MR     .....                    (no amulet)
Stlth  ++++......               u - +3 ring of intelligence
                                t - +3 ring of evasion

@: regenerating slowly, drained, not resistant to hostile enchantments, stealthy
A: fangs 3, see invisible, unbreathing
a: Bat Form


You were on level 3 of the Dungeon.
You were very thirsty.

You visited 1 branch of the dungeon, and saw 3 of its levels.

You collected 114 gold pieces.

Inventory:

Hand Weapons
 a - a +2 dagger (weapon)
 b - a +0 blowgun
Missiles
 e - 17 poisoned needles
 f - 2 curare-tipped needles
Armour
 c - a +0 robe (worn)
 d - a +0 cloak (worn)
 m - a cursed +0 pair of gloves (worn)
Jewellery
 t - a +3 ring of evasion (left hand)
 u - a +3 ring of intelligence (right hand)
 x - an uncursed ring of positive energy
 C - an uncursed ring of positive energy
Scrolls
 j - 2 scrolls of fog {unknown}
 n - a scroll of identify {unknown}
 o - 3 scrolls of random uselessness {unknown}
 p - a scroll of remove curse {unknown}
 q - a scroll of amnesia {unknown}
 r - a scroll of fear {unknown}
 s - 2 scrolls of immolation {unknown}
 v - a scroll of enchant weapon {unknown}
 w - a scroll of enchant armour {unknown}
 y - 2 scrolls of blinking {unknown}
 z - 3 scrolls of magic mapping {unknown}
 B - a scroll of teleportation {unknown}
Potions
 g - 21 potions of blood
 h - a potion of ambrosia {unknown}
 i - 2 potions of lignification {unknown}
 k - a potion of beneficial mutation {unknown}
 l - a potion of degeneration {unknown}
 A - a potion of invisibility {unknown}


   Skills:
 - Level 2.0(1.4) Fighting
 + Level 3.5(2.8) Short Blades
 - Level 2.0(1.4) Throwing
 - Level 2.0(1.4) Dodging
 + Level 6.9(6.2) Stealth


You had 3 spell levels left.
You didn't know any spells.

Dungeon Overview and Level Annotations

Branches:
Dungeon (3/15)

Altars:
Ashenzari

Annotations:
D:3 Grinder


Innate Abilities, Weirdness & Mutations

You heal slowly.
You have razor-sharp teeth.
You have supernaturally acute eyesight.
You can survive without breathing.


Message History

Grinder hits you.
A quokka comes into view.
You hit Grinder but do no damage.
Grinder is lightly wounded.
Grinder blinks!
The goblin hits you.
You barely miss Grinder. Your bite misses Grinder.
Grinder is lightly wounded.
The goblin hits you. Grinder barely misses you.
You barely miss Grinder.
Grinder is lightly wounded.
You closely miss Grinder.
Grinder is lightly wounded.
The goblin barely misses you. Grinder hits you.
You hit Grinder but do no damage.
Grinder is lightly wounded.
The goblin hits you. Grinder gestures at you. Pain shoots through your body!
You die...

#.##.# #.##.# #.##
#.##.# #.. ...#
#.##.# #.###..#
#.##.####.#.#..#
...<...##.#....#
#......+.......#
.......##.##...######
####...##......5@gr.#
#####......#####.#
#.........# #
#####.........#
....(.........+
###.#.........#
#.########.... #.#
####.. # #.. ..


You could see Grinder, a quokka and a goblin.

Vanquished Creatures
  A gnoll (D:1)
  4 adders
  A dart slug (D:1)
  2 giant geckos (D:3)
  A ball python (D:1)
  3 giant cockroaches
  4 goblins
  7 hobgoblins
  6 kobolds
  2 quokkas (D:2)
  7 bats
  3 giant newts
  2 rats
43 creatures vanquished.

Notes
Turn   | Place    | Note
--------------------------------------------------------------
     0 | D:1      | GordonOverkill the Vampire Assassin began the quest for the Orb.
     0 | D:1      | Reached XP level 1. HP: 16/16 MP: 1/1
   172 | D:1      | Reached skill level 6 in Stealth
   172 | D:1      | Reached XP level 2. HP: 22/22 MP: 2/2
   784 | D:2      | Reached XP level 3. HP: 27/27 MP: 3/3
  1323 | D:2      | Reached XP level 4. HP: 33/33 MP: 4/4
  1329 | D:2      | Found a shattered altar of Ashenzari.
  1995 | D:3      | Noticed Grinder
  2014 | D:3      | Killed from afar by Grinder

Skill      XL: |  1  2  3 |
---------------+----------+-----
Fighting       | 2 |  2.0
Stealth        | 6 |  6.9
Throwing       | 2 |  2.0
Dodging        | 2 |  2.0
Short Blades   | 3 |  3.5

Action                   |  1- 3 |  4- 6 || total
-------------------------+-------+-------++-------
Melee: Dagger            |    76 |    33 ||   109
       Bite              |     6 |     4 ||    10
 Fire: Blowgun           |       |    34 ||    34
 Stab: Sleeping          |    14 |     2 ||    16
Armor: Robe              |    10 |     7 ||    17
Dodge: Dodged            |    45 |    25 ||    70
